 Dungeon Crawl Stone Soup version 0.24.0-13-gcf9b319 (webtiles) character file.

Game seed: 16199867620677070499, levelgen mode: deterministic

8372 FurryTurtle the Grappler (level 11, 0/67 HPs)
             Began as a Gargoyle Monk on Feb 21, 2020.
             Was an Initiate of Gozag.
             Slain by an ice beast (10 damage)
             ... summoned by Fannar
             ... on level 11 of the Dungeon.
             The game lasted 01:11:22 (12767 turns).

FurryTurtle the Grappler (Gargoyle Monk)           Turns: 12767, Time: 01:11:24

Health: 0/67       AC: 31    Str: 18    XL:     11   Next: 29%
Magic:  0/11       EV:  4    Int: 11    God:    Gozag
Gold:   1537       SH: 15    Dex: 12    Spells: 7/10 levels left

rFire    . . .     SeeInvis .     - Unarmed
rCold    . . .     Gourm    .   a - +0 large shield
rNeg     + . .     Faith    .   o - +0 plate armour
rPois    ∞         Spirit   +   (no helmet)
rElec    +         Reflect  .   q - +0 cloak
rCorr    .         Harm     .   J - +0 pair of gloves
MR       +....                  l - +0 pair of boots
Stlth    ..........             Q - amulet of guardian spirit
HPRegen  0.21/turn              w - ring of protection from magic
MPRegen  0.12/turn              B - +6 ring of protection

@: no status effects
A: negative energy resistance 1, electricity resistance, unbreathing,
petrification resistance, rot immunity, AC +8
a: Potion Petition, Call Merchant, Bribe Branch, Renounce Religion


You were on level 11 of the Dungeon.
You worshipped Gozag.
Gozag was most pleased with you.
You were not hungry.

You visited 2 branches of the dungeon, and saw 12 of its levels.

You collected 1726 gold pieces.
You spent 189 gold pieces at shops.

Inventory:

Hand Weapons
 H - the +2 falchion of Strategic Superiority {freeze, +Rage Str-2 Stlth+}
   (You found it on level 7 of the Dungeon)

   It has been specially enchanted to freeze those struck by it, causing extra
   injury to most foes and up to half again as much damage against particularly
   susceptible opponents.
   It can also slow down cold-blooded creatures.
   It affects your strength (-2).
   It lets you go berserk.
   It makes you more stealthy.
Missiles
 s - 7 boomerangs (quivered)
 y - 55 poisoned darts
 A - 227 arrows
Armour
 a - a +0 large shield (worn)
 l - a +0 pair of boots (worn)
 o - a +0 plate armour (worn)
 q - a +0 cloak (worn)
 J - a +0 pair of gloves (worn)
Magical Staves
 r - an uncursed staff of power
Jewellery
 d - a +3 ring of intelligence
 g - an uncursed ring of fire
 p - an uncursed ring of protection from cold
 w - a ring of protection from magic (left hand)
 B - a +6 ring of protection (right hand)
 G - an uncursed ring of wizardry {unknown}
 Q - an amulet of guardian spirit (around neck)
Wands
 x - a wand of polymorph (8)
 M - a wand of iceblast (7)
 N - a wand of random effects (10)
 O - a wand of acid (2)
Scrolls
 c - 5 scrolls of teleportation
 e - 4 scrolls of remove curse
 i - 2 scrolls of identify
 j - 2 scrolls of amnesia
 u - 3 scrolls of immolation
 C - 2 scrolls of enchant weapon
 F - a scroll of blinking
 P - a scroll of random uselessness {unknown}
Potions
 f - a potion of flight
 h - 3 potions of resistance
 k - 3 potions of curing
 m - 2 potions of agility
 n - 3 potions of brilliance
 v - 3 potions of degeneration
 z - a potion of mutation {unknown}
 E - a potion of haste {unknown}
 I - a potion of lignification {unknown}
 K - 2 potions of invisibility {unknown}
 L - a potion of might {unknown}
Comestibles
 b - 8 rations


   Skills:
 * Level 7.1 Fighting
 - Level 0.2 Staves
 + Level 7.7 Armour
 + Level 4.3 Dodging
 + Level 3.5 Stealth
 + Level 7.4 Shields
 + Level 11.9 Unarmed Combat
 - Level 0.2 Spellcasting
 - Level 1.4 Translocations


You had 7 spell levels left.
You knew the following spells:

 Your Spells              Type           Power        Failure   Level  Hunger
a - Blink                 Tloc           N/A          100%        2    ###....
b - Apportation           Tloc           #.....       100%        1    ##.....

Your spell library contained the following spells:

 Spells                   Type           Power        Failure   Level  Hunger
 Animate Skeleton         Necr           N/A          100%        1    ##.....
 Confusing Touch          Hex            #.....       100%        1    ##.....
 Corona                   Hex            #......      100%        1    ##.....
 Magic Dart               Conj           #...         100%        1    ##.....
 Summon Small Mammal      Summ           #...         100%        1    ##.....
 Call Imp                 Summ           #.......     100%        2    ###....
 Slow                     Hex            #.......     100%        2    ###....
 Conjure Flame            Conj/Fire      #.......     100%        3    ####...
 Inner Flame              Hex/Fire       #.......     100%        3    ####...
 Mephitic Cloud           Conj/Pois/Air  #.......     100%        3    ####...
 Portal Projectile        Hex/Tloc       #.....       100%        3    ####...
 Cause Fear               Hex            #.........   100%        4    #####..
 Leda's Liquefaction      Hex/Erth       #.........   100%        4    #####..


Dungeon Overview and Level Annotations

Branches:
Dungeon (11/15)            Temple (1/1) D:7
   Lair: D:8-11         Orc: D:9-12

Altars:
Ashenzari
Cheibriados
Dithmenos
Elyvilon
Fedhas
Gozag
Hepliaklqana
Kikubaaqudgha
Makhleb
Nemelex Xobeh
Okawaru
Qazlal
Ru
Sif Muna
Trog
Uskayaw
Vehumet
Wu Jian
Xom
Yredelemnul
Zin
The Shining One

Shops:
D:6 *[?*   D:10 [

Annotations:
D:11 Fannar


Innate Abilities, Weirdness & Mutations

You are resistant to torment.
Your stone body is resilient. (AC +8)
You are immune to poison.
You resist negative energy. (rN+)
You are resistant to electric shocks. (rElec)
You can survive without breathing.
You are immune to petrification.
You are immune to rotting.


Message History

Aim: Fannar, wielding a +0 quarterstaff of freezing, wearing a +1 robe of cold resistance and wearing an uncursed ring of ice (severely wounded, covered in an icy film)
The puff of flame misses Fannar.
You block the ice beast's attack.
Your plate armour prevents you from hitting the ice beast.
The ice beast is lightly wounded.
The ice beast hits you but does no damage.
Evoke which item? (* to show all) (? for menu, Esc to quit)
Aiming: Random Effects
Press: ? - help, Shift-Dir - straight line, f/p - Fannar
Aim: Fannar, wielding a +0 quarterstaff of freezing, wearing a +1 robe of cold resistance and wearing an uncursed ring of ice (severely wounded, covered in an icy film) Fannar resists with almost no effort.
You block the ice beast's attack.
You hit the ice beast.
The ice beast is moderately wounded.
You block the ice beast's attack.
You completely miss the ice beast.
The ice beast is lightly wounded.
The ice beast hits you.
* * * LOW HITPOINT WARNING * * *
The ice beast freezes you!
You die...
Your body crumbles into a pile of gold.

#######.###.... ...............
............... # .
..........#.... # ..
.u............. # ... #
^..........!. #.. ..#####.#
........e.# ### ..... #######$#
######### #Y@.....#
#.......###$######### #######
####.#####.............# #.)....
##......# ###..e........# #..>...
#.......# #...........###......
..###########.............#......
#.......##..<...........#.'......
#######.#..##...........###......
##....#.###.............# #......


You could see Fannar and an ice beast.

Vanquished Creatures
  A two-headed ogre (D:10)
  Pikel (D:6)
  A salamander (D:10)
  An ugly thing (D:11)
  A gargoyle (D:10)
  A centaur skeleton (D:10)
  3 trolls
  2 hornets
  A hippogriff (D:6)
  A spriggan (D:8)
  Eustachio (D:5)
  A hungry ghost (D:11)
  Menkaure (D:5)
  An acid dragon (D:10)
  A water moccasin (D:10)
  Purgy (D:3)
  2 sky beasts
  6 ice beasts
  2 orc warriors
  A phantom (D:4)
  A hornet zombie (D:9)
  A black bear (D:9)
  4 ogres
  7 centaurs
  A crocodile (D:11)
  3 big kobolds (D:10)
  4 bullfrogs
  A water moccasin skeleton (D:7)
  2 scorpions
  2 crimson imps
  2 bullfrog zombies
  3 orc priests
  4 hounds
  3 jellies
  4 orc wizards
  Terence (D:2)
  6 worker ants
  2 hound skeletons
  A hound zombie (D:8)
  A howler monkey zombie (D:11)
  8 gnolls
  2 howler monkey skeletons
  8 adders
  4 shadow imps
  An ooze (D:1)
  An adder zombie (D:8)
  3 worms
  2 dart slugs (D:3)
  4 leopard geckos
  21 orcs
  5 giant cockroaches
  4 hobgoblins
  18 jackals
  8 quokkas
  8 bats
  4 frilled lizards
  9 goblins
  14 kobolds
  3 leopard gecko skeletons
  6 rats
216 creatures vanquished.

Vanquished Creatures (others)
  A slave (D:6)
  A centaur (D:6)
  A gnoll (D:10)
  An adder (D:5)
  A giant cockroach zombie (D:6)
5 creatures vanquished.

Grand Total: 221 creatures vanquished

Notes
Turn   | Place    | Note
-------+----------+-------------------------------------------
     0 | D:1      | FurryTurtle the Gargoyle Monk began the quest for the Orb.
     0 | D:1      | Reached XP level 1. HP: 14/14 MP: 1/1
   175 | D:1      | Reached XP level 2. HP: 19/19 MP: 2/2
   366 | D:1      | Reached XP level 3. HP: 15/23 MP: 3/3
  1241 | D:2      | Reached XP level 4. HP: 29/29 MP: 4/4
  1455 | D:2      | Reached skill level 4 in Unarmed Combat
  1472 | D:2      | Noticed Terence
  1514 | D:2      | Killed Terence
  1985 | D:3      | Reached XP level 5. HP: 33/33 MP: 5/5
  2541 | D:3      | Noticed Purgy
  2878 | D:3      | Found an opulent altar of Gozag.
  2882 | D:3      | Became a worshipper of Gozag Ym Sagoz the Greedy
  3271 | D:4      | Reached skill level 1 in Armour
  3417 | D:4      | Reached XP level 6. HP: 36/39 MP: 6/6
  3555 | D:4      | Reached skill level 5 in Unarmed Combat
  3731 | D:4      | Noticed a phantom
  3838 | D:5      | Entered Level 5 of the Dungeon
  3839 | D:5      | Noticed Menkaure
  3980 | D:3      | Killed Purgy
  4070 | D:4      | Killed a phantom
  4070 | D:4      | Reached skill level 6 in Unarmed Combat
  4070 | D:4      | Reached XP level 7. HP: 37/44 MP: 7/7
  4468 | D:5      | Found a shimmering altar of Xom.
  4492 | D:5      | HP: 2/44 [ogre/+0 giant club (10)]
  4880 | D:5      | Reached skill level 7 in Unarmed Combat
  5162 | D:5      | Reached XP level 8. HP: 48/48 MP: 8/8
  5477 | D:5      | Noticed Eustachio
  5596 | D:5      | Killed Eustachio
  5596 | D:5      | Reached skill level 8 in Unarmed Combat
  5777 | D:5      | Killed Menkaure
  6081 | D:6      | Reached skill level 5 in Armour
  6096 | D:6      | Found Feecwam's Armour Shoppe.
  6103 | D:6      | Found a radiant altar of Vehumet.
  6104 | D:6      | Bought a +0 large shield for 54 gold pieces
  6128 | D:6      | Found a hazy altar of Hepliaklqana.
  6175 | D:6      | Noticed Pikel
  6209 | D:6      | Killed Pikel
  6209 | D:6      | Reached skill level 1 in Shields
  6209 | D:6      | Reached skill level 9 in Unarmed Combat
  6209 | D:6      | Reached XP level 9. HP: 32/53 MP: 9/9
  6357 | D:6      | Found Diequ's General Store.
  6365 | D:6      | Bought a potion of heal wounds for 60 gold pieces
  6499 | D:6      | Found Uddeh's Assorted Antiques.
  6659 | D:6      | Found Edwanu's Magic Scroll Boutique.
  6662 | D:6      | Bought a scroll of blinking for 75 gold pieces
  6957 | D:7      | Got a crystal falchion
  7284 | D:7      | Found a staircase to the Ecumenical Temple.
  7554 | Temple   | Entered the Ecumenical Temple
  7844 | D:8      | Reached skill level 10 in Unarmed Combat
  7993 | D:8      | Identified the cursed +2 falchion of Strategic Superiority
                  | {freeze, +Rage Str-2 Stlth+} (You found it on level 7 of
                  | the Dungeon)
  8095 | D:8      | Learned a level 2 spell: Blink
  8551 | D:8      | Reached skill level 1 in Translocations
  8551 | D:8      | Reached XP level 10. HP: 58/58 MP: 10/10
  8877 | D:8      | Reached skill level 5 in Shields
  9090 | D:9      | Reached skill level 5 in Fighting
  9688 | D:9      | Learned a level 1 spell: Apportation
 10342 | D:10     | Entered Level 10 of the Dungeon
 10365 | D:9      | Reached skill level 11 in Unarmed Combat
 11209 | D:10     | Noticed a gargoyle
 11234 | D:10     | Killed a gargoyle
 11405 | D:10     | Found a glowing golden altar of the Shining One.
 11592 | D:10     | Noticed a salamander
 11602 | D:10     | Killed a salamander
 11633 | D:10     | Reached XP level 11. HP: 23/66 MP: 11/11
 12152 | D:10     | Noticed a two-headed ogre
 12166 | D:10     | Killed a two-headed ogre
 12239 | D:10     | Found Ucvugife's Antique Armour Emporium.
 12667 | D:11     | Noticed Fannar
 12667 | D:11     | Noticed a white ugly thing
 12685 | D:11     | Killed a white ugly thing
 12767 | D:11     | Slain by an ice beast

Levels and vault maps discovered:
D:1:      mrwooster_arrival_statue, layout_basic
D:2:      layout_rooms, first_ration, uniq_terence
D:3:      layout_basic, marbit_many_paths, mrwooster_statue_mirror, uniq_purgy
D:4:      layout_loops_cross
D:5:      layout_loops_ring, xom_confusion_cloud, hex_tiny, uniq_menkaure,
          uniq_eustachio
D:6:      layout_rooms, vehumet_crystals, kennysheep_little_box, serial_shops,
          kennysheep_mini_moat, nicolae_shop_crystal, shop, shop_statue,
          minmay_misc_feat_square, minmay_misc_feat_pillars, uniq_pikel
D:7:      layout_basic, minmay_temple_entry_sparse_star
D:8:      layout_loops_corners, the_bakery, nicolae_straight_to_the_point
D:9:      layout_loops_corners, supply_closet_lemuel, grunt_ministairs_10
D:10:     layout_cave_pools, basic_altar, serial_shops, shop,
          grunt_ministairs_7, kennysheep_generic_room_11
D:11:     layout_roguey, david_lair_shrubbed, serial_co_window_serial,
          co_window_corner_a, co_window_paths_a, co_window_paths_b,
          co_window_corner_a, co_window_paths_b, co_window_corner_a,
          co_window_paths_b, co_window_2corner, co_window_corner_cb,
          co_window_paths_c, co_window_of_opportunity_b, co_window_corner_b,
          glass_columns_b, glass_columns_a, uniq_fannar
Temple:   dpeg_five_rooms_temple

Skill      XL: |  1  2  3  4  5  6  7  8  9 10 11 |
---------------+----------------------------------+-----
Unarmed Combat | 4 6 7 9 10 11 | 11.9
Fighting       | 4 6 7 |  7.1
Dodging        | 3 4 |  4.3
Armour         | 1 2 4 5 6 7 |  7.7
Stealth        | 3 |  3.5
Shields        | 1 4 7 |  7.4
Translocations | 1 |  1.4
Staves         | |  0.2
Spellcasting   | |  0.2

Action                   |  1- 3 |  4- 6 |  7- 9 | 10-12 || total
-------------------------+-------+-------+-------+-------++-------
Melee: Unarmed           |   135 |   345 |   464 |   464 ||  1408
       Punch             |     2 |     5 |     6 |       ||    13
       Staff             |       |    63 |       |       ||    63
Throw: Boomerang         |       |    12 |     1 |     6 ||    19
 Cast: Blink             |       |       |     1 |     6 ||     7
Evoke: Wand              |       |       |       |    32 ||    32
  Use: Scroll            |       |     9 |    11 |     5 ||    25
       Potion            |       |       |     1 |     1 ||     2
 Stab: Sleeping          |     1 |       |       |       ||     1
       Distracted        |       |       |     1 |     3 ||     4
  Eat: Chunk             |       |     7 |       |       ||     7
       Ration            |       |     1 |     5 |     6 ||    12
Armor: Robe              |    34 |    10 |       |       ||    44
       Plate armour      |       |   426 |   312 |   297 ||  1035
Dodge: Dodged            |    80 |   146 |   104 |    43 ||   373
Block: Large shield      |       |       |   160 |   334 ||   494
